 Dungeon Crawl Stone Soup version 0.28.0 (webtiles) character file.

Game seed: 11580017276796342475

595 oldriver the Skirmisher (level 7, 0/47 HPs)
             Began as a Gargoyle Fighter on Feb 7, 2022.
             Slain by a wight (12 damage)
             ... on level 4 of the Dungeon.
             The game lasted 00:04:08 (4556 turns).

oldriver the Skirmisher (Gargoyle Fighter)          Turns: 4556, Time: 00:04:08

Health: 0/47       AC: 11    Str: 25    XL:     7   Next: 40%
Magic:  7/7        EV:  9    Int:  9    God:
Gold:   244        SH:  4    Dex:  9    Spells: 6/6 levels left

rFire   . . .      SeeInvis .   o - +5 dagger "Egoij" {flame, Fragile rElec Str+4}
rCold   . . .      Faith    .   c - +0 buckler
rNeg    + . .      Spirit   .   b - +0 scale mail
rPois   ∞          Reflect  .   (no helmet)
rElec   +          Harm     .   (no cloak)
rCorr   .          Rampage  .   (no gloves)
Will    +....                   (no boots)
Stlth   ..........              (no amulet)
HPRegen 0.15/turn               m - ring of willpower
MPRegen 0.10/turn               (no ring)

@: no status effects
A: sickness immunity, AC +4, negative energy resistance 1, electricity
resistance, torment resistance 1, petrification resistance
a: no special abilities


You were on level 4 of the Dungeon.
You visited 1 branch of the dungeon, and saw 4 of its levels.
You also visited: Ossuary.

You collected 244 gold pieces.

Inventory:

Hand Weapons
 a - a +0 flail
 o - the +5 dagger "Egoij" (weapon) {flame, Fragile rElec Str+4}
   (You took it off a kobold on level 4 of the Dungeon)

   It burns those it strikes, dealing additional fire damage.
   Str:       It affects your strength (+4).
   rElec:     It insulates you from electricity.
   Fragile:   It will be destroyed if unequipped.
Missiles
 k - 119 stones (quivered)
Armour
 b - a +0 scale mail (worn)
 c - a +0 buckler (worn)
Jewellery
 m - a ring of willpower (left hand)
Scrolls
 e - 2 scrolls of vulnerability
 f - a scroll of identify
 g - a scroll of blinking
Potions
 d - a potion of might
 h - a potion of lignification {unknown}
 i - a potion of attraction {unknown}
 j - a potion of cancellation
 l - 2 potions of heal wounds
 n - a potion of flight {unknown}


   Skills:
 + Level 6.8 Fighting
 + Level 5.7 Maces & Flails
 - Level 3.2 Armour
 - Level 3.2 Shields


You had 6 spell levels left.
You didn't know any spells.
Your spell library contained the following spells:

 Spells                   Type           Power      Damage    Failure   Level
 Petrify                  Tmut/Erth      0%         N/A       100%        4
 Irradiate                Conj/Tmut      0%         3d14      100%        5
 Sublimation of Blood     Necr           Unusable   N/A       N/A         2

Dungeon Overview and Level Annotations

Branches:
Dungeon (4/15)             Temple (0/1) D:4         Ossuary (visited)

Altars:
Cheibriados
Makhleb
Nemelex Xobeh
Uskayaw
Xom


Innate Abilities, Weirdness & Mutations

You are immune to sickness and miasma.
Your stone body is resilient. (AC +4)
You are immune to poison.
You resist negative energy. (rN+)
You are resistant to electric shocks. (rElec)
You are resistant to unholy torment.
You are immune to petrification.


Message History

You block the wight's attack.
You puncture the wight! You burn the wight.
You destroy the wight!
You completely miss the wight.
The wight hits you with a +5 great sword!
You are too injured to fight recklessly!
You are too injured to fight recklessly!
You are too injured to fight recklessly!
You are too injured to fight recklessly!
You are too injured to fight recklessly!
You are too injured to fight recklessly!
You are too injured to fight recklessly!
You are too injured to fight recklessly!
You are too injured to fight recklessly!
You are too injured to fight recklessly!
You are too injured to fight recklessly!
You are too injured to fight recklessly!
You are too injured to fight recklessly!
You are too injured to fight recklessly!
You are too injured to fight recklessly!
You are too injured to fight recklessly!
You are too injured to fight recklessly!
You are too injured to fight recklessly!
You hit the wight. You burn the wight.
The wight is moderately damaged.
The wight barely misses you.
You barely miss the wight.
The wight is moderately damaged.
The wight hits you with a +5 great sword!
* * * LOW HITPOINT WARNING * * *
You hit the wight. You burn the wight.
The wight is heavily damaged.
You block the wight's attack.
You hit the wight but do no damage.
The wight is heavily damaged.
The wight barely misses you.
You hit the wight. You burn the wight.
The wight is almost destroyed.
The wight hits you with a +5 great sword!
You die...

#.* #.....# #.#.#
*#####.###.....# #..z#
,.......##.....# ##.##
**#.#*#........# #.* * #.#
#).###.### #.* ###'###)###..# #.*
###_'...###.###### #z*
###'###.......)..# #.* # #.#
#.##...###@# #.* *
###.###.#.###.##z#****,**** *
........#.* *...z.,,,,,,,,*******
..#######.***.##.##*,*,,,,,,,,,*,
.### #*,,,###.# *,*,**,*,,,,,,
...# **,,,,..#**,*,,,,*,,*,*,
.#.# **,**###*,,,,,,,*,,*,*, .#.#
****,,,* *,,*,,*,*,>*,,,
.#.#####,.....# *,,,,,,,,,,****


You could see 2 wights.

Vanquished Creatures
  2 elf zombies (Ossuary)
  A wight (D:4)
  A centaur zombie (Ossuary)
  2 human zombies (Ossuary)
  A bullfrog skeleton (D:4)
  Jessica (D:3)
  3 iguanas (D:4)
  An orc wizard (D:3)
  2 hound zombies (Ossuary)
  3 mummies (Ossuary)
  An adder (D:3)
  4 adder zombies (Ossuary)
  A dart slug (D:1)
  4 orcs (D:3)
  6 endoplasms
  A giant cockroach (D:1)
  4 goblins
  6 hobgoblins
  6 jackals (D:3)
  10 kobolds
  3 quokkas
  3 ball pythons
  6 bats
  2 frilled lizards
  A gnoll zombie (Ossuary)
  4 goblin zombies (Ossuary)
  3 hobgoblin zombies (Ossuary)
  5 jackal zombies (Ossuary)
  3 kobold zombies (Ossuary)
  3 quokka zombies (Ossuary)
  A rat (D:1)
  4 rat zombies (Ossuary)
98 creatures vanquished.

Vanquished Creatures (others)
  A demonic plant (D:2)
1 creature vanquished.

Grand Total: 99 creatures vanquished

Notes
Turn   | Place    | Note
-------+----------+-------------------------------------------
     0 | D:1      | oldriver the Gargoyle Fighter began the quest for the Orb.
     0 | D:1      | Reached XP level 1. HP: 14/14 MP: 1/1
    81 | D:1      | You fall into a shaft and drop 1 floor!
   258 | D:1      | Reached XP level 2. HP: 15/19 MP: 2/2
  1258 | D:2      | Reached XP level 3. HP: 24/24 MP: 3/3
  1279 | D:2      | Reached skill level 4 in Fighting
  1654 | D:2      | Found a faded altar of an unknown god.
  1654 | D:2      | Noticed a sixfirhy
  1998 | D:3      | Found a sparkling altar of Nemelex Xobeh.
  2001 | D:3      | Found a shimmering altar of Xom.
  2001 | D:3      | Noticed Jessica
  2019 | D:3      | Killed Jessica
  2020 | D:3      | Reached XP level 4. HP: 17/30 MP: 4/4
  2681 | D:3      | Found a snail-covered altar of Cheibriados.
  2813 | D:3      | HP: 1/30 [orc (2)]
  2833 | D:3      | Reached XP level 5. HP: 34/34 MP: 5/5
  3012 | D:4      | Reached skill level 5 in Fighting
  3143 | D:4      | Found a hide-covered altar of Uskayaw.
  3167 | D:4      | Found a sand-covered staircase.
  3172 | Ossuary  | Entered an ossuary
  3475 | Ossuary  | Reached XP level 6. HP: 28/40 MP: 6/6
  3720 | Ossuary  | Reached skill level 6 in Fighting
  3849 | Ossuary  | Reached skill level 5 in Maces & Flails
  3935 | Ossuary  | Reached XP level 7. HP: 40/47 MP: 7/7
  4338 | D:4      | Identified the +5 dagger "Egoij" {flame, Fragile rElec
                  | Str+4}
  4509 | D:4      | Found a burning altar of Makhleb.
  4556 | D:4      | Slain by a wight

Illustrated notes

Levels and vault maps discovered:
D:1:      dpeg_arrival_lava_altar, layout_loops_cross
D:2:      layout_loops_ring, dreamdust_ecumenical_altar_sealed_demon
D:3:      layout_loops_ring, mainiacjoe_overflow_boulevard,
          grunt_temple_overflow_open, uniq_jessica
D:4:      layout_loops_cross, lemuel_doored_altar, mainiacjoe_overflow_chevrons,
          minmay_temple_entry_stoned_glass, enter_ossuary_2,
          grunt_decor_resistance, st_stairs_2, minmay_misc_feat_square,
          uniq_ijyb

Skill      XL: |  1  2  3  4  5  6 |
---------------+-------------------+-----
Fighting       | 4 5 6 |  6.8
Maces & Flails | 3 4 5 |  5.7
Armour         | |  3.2
Shields        | |  3.2

Action                   |  1- 3 |  4- 6 |  7- 9 || total
-------------------------+-------+-------+-------++-------
Melee: Flail             |   121 |   253 |    72 ||   446
       Dagger            |       |       |    20 ||    20
  Use: Potion            |     1 |     4 |       ||     5
       Scroll            |       |     6 |     2 ||     8
Armor: Scale mail        |    92 |   159 |    36 ||   287
Dodge: Dodged            |    62 |   140 |    29 ||   231
Block: Buckler           |    29 |    48 |    12 ||    89
